 Dungeon Crawl Stone Soup version 0.31-a0-331-geda263fcf1 (webtiles) character file.

Game seed: 16987456011248572002

9508 bmack86 the Severer (level 11, -3/92 HPs)
             Began as a Minotaur Fighter on July 19, 2023.
             Was a High Priest of Okawaru.
             Killed from afar by a deep elf zephyrmancer (24 damage)
             ... with a bolt of lightning
             ... on level 11 of the Dungeon.
             The game lasted 00:23:39 (11083 turns).

bmack86 the Severer (Minotaur Fighter)             Turns: 11083, Time: 00:23:40

Health: -3/92      AC: 30    Str: 28    XL:     11   Next: 24%
Magic:  11/12      EV: 10    Int:  7    God:    Okawaru [*****.]
Gold:   959        SH: 11    Dex: 15    Spells: 10/10 levels left

rFire   + . .        a - +1 war axe (freeze)
rCold   . . .        c - +0 buckler
rNeg    . . .        i - +0 plate armour
rPois   .            G - +0 hat
rElec   .            q - +2 cloak
rCorr   .            w - +0 pair of gloves
SInv    .            y - +1 pair of boots
Will    +....        n - amulet "Hiphebox" {Reflect Dex+3 SH+5} Stlth
                     b - ring "Zeopux" {rF+ Will+ Str+3 Int+2 Dex+2}
HPRegen 0.35/turn    F - +7 ring of protection
MPRegen 0.13/turn

%: reflection
@: heroic
A: horns 2, retaliatory headbutt
a: Renounce Religion, Heroism, Finesse, Duel


You were on level 11 of the Dungeon.
You worshipped Okawaru.
Okawaru was extremely pleased with you.
You visited 2 branches of the dungeon, and saw 12 of its levels.
You also visited: Bailey.

You collected 2354 gold pieces.
You spent 1395 gold pieces at shops.

Inventory:

Hand Weapons
 a - a +1 war axe of freezing (weapon)
Missiles
 j - 19 boomerangs (quivered)
 o - 52 poisoned darts
Armour
 c - a +0 buckler (worn)
 i - a +0 plate armour (worn)
 q - a +2 cloak (worn)
 w - a +0 pair of gloves (worn)
 y - a +1 pair of boots (worn)
 G - a +0 hat (worn)
Jewellery
 b - the ring "Zeopux" (left hand) {rF+ Will+ Str+3 Int+2 Dex+2}
   (You acquired it on level 5 of the Dungeon)

   [ring of protection from fire]

   Str:       It affects your strength (+3).
   Int:       It affects your intelligence (+2).
   Dex:       It affects your dexterity (+2).
   rF:        It protects you from fire.
   Will:      It increases your willpower.
 n - the amulet "Hiphebox" (around neck) {Reflect Dex+3 SH+5}
   (You found it on level 2 of the Dungeon)

   [amulet of reflection]

   It reflects blocked missile attacks.
   Dex:       It affects your dexterity (+3).
   SH:        It affects your SH (+5).
 F - a +7 ring of protection (right hand)
Wands
 r - a wand of flame (42)
 D - a wand of paralysis (3)
Scrolls
 e - 2 scrolls of fear
 h - a scroll of brand weapon
 l - a scroll of vulnerability
 m - 4 scrolls of teleportation
 v - a scroll of fog
 z - 2 scrolls of noise
 A - a scroll of blinking
Potions
 d - 4 potions of might
 f - 3 potions of lignification
 g - 7 potions of magic
 k - 4 potions of haste
 p - 9 potions of curing
 s - 4 potions of mutation
 t - 3 potions of brilliance
 u - a potion of enlightenment
 x - 2 potions of invisibility
 B - 3 potions of resistance {unknown}
 C - a potion of attraction {unknown}
 E - 3 potions of heal wounds


   Skills:
 + Level 7.4(12.4) Fighting
 - Level 18.0(23.0) Axes
 + Level 7.4(12.4) Armour
 - Level 3.6(8.6) Shields
 * Level 3.9 Invocations


You had 10 spell levels left.
You didn't know any spells.
Your spell library contained the following spells:

 Spells                   Type           Power      Damage    Failure   Level
 Magic Dart               Conj           0%         1d3       98%         1
 Sting                    Tmut/Pois      0%         1d3       98%         1
 Ensorcelled Hibernation  Hex/Ice        0%         N/A       99%         2
 Poisonous Vapours        Pois/Air       0%         N/A       99%         2
 Hailstorm                Conj/Ice       0%         3d3       100%        3
 Inner Flame              Hex/Fire       0%         N/A       100%        3
 Mephitic Cloud           Conj/Pois/Air  0%         N/A       100%        3
 Anguish                  Hex/Necr       0%         N/A       100%        4
 Flame Wave               Conj/Fire      0%         2d4       100%        4
 Olgreb's Toxic Radiance  Pois           0%         N/A       100%        4
 Sticky Flame             Conj/Fire      0%         2d3       100%        4
 Lee's Rapid Deconstruct  Erth           0%         3d4*      100%        5
 Call Imp                 Summ           Unusable   N/A       N/A         2
 Animate Armour           Summ/Erth      Unusable   N/A       N/A         4
 Animate Dead             Necr           Unusable   N/A       N/A         4
 Summon Ice Beast         Ice/Summ       Unusable   N/A       N/A         4
 Summon Lightning Spire   Summ/Air       Unusable   N/A       N/A         4
 Simulacrum               Ice/Necr       Unusable   N/A       N/A         6
 Haunt                    Necr/Summ      Unusable   N/A       N/A         7
 Infestation              Necr           Unusable   N/A       N/A         8

Dungeon Overview and Level Annotations

Branches:
Dungeon (11/15)            Temple (1/1) D:6            Lair (0/5) D:9
 Bailey (visited)
    Orc: D:9-12

Altars:
Ashenzari
Cheibriados
Dithmenos
Elyvilon
Fedhas
Gozag
Hepliaklqana
Kikubaaqudgha
Makhleb
Nemelex Xobeh
Okawaru
Qazlal
Ru
Sif Muna
Trog
Uskayaw
Vehumet
Wu Jian
Xom
Yredelemnul
Zin
The Shining One

Shops:
D:3 !   D:9 :   D:10 (=

Annotations:
D:6 1 runed translucent door, Pokonic1's ghost, novice DsBe


Innate Abilities, Weirdness & Mutations

You have a pair of horns on your head.
You reflexively headbutt those who attack you in melee.


Message History

You slice the deep elf zephyrmancer!! You freeze the deep elf zephyrmancer!
You headbutt the deep elf zephyrmancer.
You kill the deep elf zephyrmancer!
Okawaru accepts your kill.
You can now enter into single combat with a foe.
Okawaru will now gift you equipment as you gain piety.
The deep elf zephyrmancer hits you but does no damage.
You see here a +0 rapier.
You barely miss the deep elf zephyrmancer.
The deep elf zephyrmancer is moderately wounded.
The deep elf zephyrmancer gestures at you while chanting.
The bolt of lightning misses you.
You hear a bellow!
You slash the deep elf zephyrmancer! You freeze the deep elf zephyrmancer.
You headbutt the deep elf zephyrmancer.
The deep elf zephyrmancer is severely wounded.
The deep elf zephyrmancer gestures wildly while chanting.
The deep elf zephyrmancer blinks!
You are too injured to fight recklessly!
Throw: 19 boomerangs
Press: ? - help, Q - select action, (/) - cycle Shift-Dir - straight line, f - deep elf zephyrmancer
Aim: a deep elf zephyrmancer, wielding a +0 short sword and wearing a +0 leather armour (severely wounded, 56% to hit)
You throw a boomerang.
The boomerang hits the deep elf zephyrmancer.
The deep elf zephyrmancer is severely wounded.
The deep elf zephyrmancer gestures at you while chanting.
The bolt of lightning hits you!!
* * * LOW HITPOINT WARNING * * *
You hear a bellow! x2
Throw: 19 boomerangs
Press: ? - help, Q - select action, (/) - cycle Shift-Dir - straight line, f/p - deep elf zephyrmancer
Aim: a deep elf zephyrmancer, wielding a +0 short sword and wearing a +0 leather armour (severely wounded, 56% to hit)
You throw a boomerang.
The boomerang barely misses the deep elf zephyrmancer.
You hear a bellow!
The deep elf zephyrmancer casts a spell at you.
The bolt of lightning misses you.
The deep elf zephyrmancer casts a spell at you.
The bolt of lightning hits you!!
You die...

.....................
#.#)......##..##..##.
##.##......##..##... .
##...##.............. .
##:....###'#############
#.......#...#
#...^...#.).#
...^>^..)'#### ####
#...^..@#........ ..##
#.......#######.. ..#.
##...e:## #.. #.#.
##...# #... #.+. ##.#
##....##.#. #.
.......<.## ##
##+###....# #.#..'
#.#..#


You could see a deep elf zephyrmancer.

Vanquished Creatures
  A two-headed ogre (D:9)
  A wizard (D:11)
  A deep elf zephyrmancer (D:11)
  An ugly thing (D:9)
  2 trolls (D:10)
  A hornet (D:7)
  Sigmund (D:2)
  4 wyverns
  A vampire (D:9)
  5 yaks (D:10)
  A steam dragon (D:9)
  2 acid dragons
  2 water moccasins
  4 orc warriors
  A black bear (D:7)
  2 ice beasts
  An ogre (D:7)
  A centaur (D:9)
  7 bullfrogs
  3 phantoms
  6 kobold brigands
  4 gnoll sergeants
  3 scorpions
  8 wights
  10 killer bees
  3 howler monkeys
  2 hounds
  3 gnoll boudas
  Crazy Yiuf (D:2)
  6 orc priests
  4 jellies
  5 iguanas
  A sleepcap (D:6)
  Jessica (D:3)
  14 orc wizards
  Robin (D:2)
  41 gnolls
  11 adders
  2 shadow imps
  A white imp (D:6)
  5 worms
  A dart slug (D:4)
  46 orcs
  8 bats
  9 endoplasms
  A giant cockroach (D:2)
  12 goblins
  17 hobgoblins
  2 jackals (D:3)
  43 kobolds
  7 quokkas
  8 ball pythons
  5 frilled lizards
  6 rats
339 creatures vanquished.

Notes
Turn   | Place    | Note
-------+----------+-------------------------------------------
     0 | D:1      | bmack86 the Minotaur Fighter began the quest for the Orb.
     0 | D:1      | Reached XP level 1. HP: 19/19 MP: 0/0
    35 | D:1      | Reached skill level 3 in Axes
    69 | D:1      | Reached XP level 2. HP: 26/26 MP: 1/1
   272 | D:1      | Reached skill level 4 in Axes
   340 | D:1      | Reached XP level 3. HP: 22/31 MP: 2/2
   744 | D:2      | Reached skill level 5 in Axes
   850 | D:2      | Found a runed translucent door.
   851 | D:2      | Noticed Crazy Yiuf
   893 | D:2      | Reached XP level 4. HP: 39/39 MP: 3/3
  1023 | D:2      | Noticed Sigmund
  1158 | D:2      | Identified the amulet "Hiphebox" {Reflect Dex+3 SH+5}
  1221 | D:2      | Killed Sigmund
  1222 | D:2      | Reached skill level 7 in Axes
  1222 | D:2      | Reached XP level 5. HP: 36/45 MP: 4/4
  1511 | D:2      | Found a faded altar of an unknown god.
  1628 | D:2      | Noticed Robin
  1639 | D:2      | Killed Robin
  2101 | D:2      | Killed Crazy Yiuf
  2102 | D:2      | Reached XP level 6. HP: 49/51 MP: 5/5
  2191 | D:3      | Found a hide-covered altar of Uskayaw.
  2191 | D:3      | Noticed a +0 falchion
  2191 | D:3      | Noticed a +0 spear
  2191 | D:3      | Noticed a +0 spear
  2191 | D:3      | Noticed a +0 falchion
  2194 | D:3      | Noticed a +0 dagger
  2195 | D:3      | Noticed a +0 short sword
  2195 | D:3      | Noticed a +0 dagger
  2197 | D:3      | Noticed a +0 short sword
  2348 | D:3      | Found Dimuot's Distillery.
  2362 | D:3      | Bought a potion of heal wounds for 50 gold pieces
  2626 | D:3      | Found a snail-covered altar of Cheibriados.
  2674 | D:3      | Reached skill level 8 in Axes
  2726 | D:3      | Noticed Jessica
  2728 | D:3      | Killed Jessica
  2882 | D:3      | Found a white marble altar of Elyvilon.
  3159 | D:4      | Reached skill level 9 in Axes
  3383 | D:4      | Reached XP level 7. HP: 57/57 MP: 6/6
  3729 | D:4      | Found an ornate altar of the Wu Jian Council.
  3772 | D:5      | Entered Level 5 of the Dungeon
  3849 | D:5      | Found an ancient bone altar of Kikubaaqudgha.
  3863 | D:5      | Reached skill level 10 in Axes
  3941 | D:5      | Found a burning altar of Makhleb.
  4370 | D:5      | Reached skill level 11 in Axes
  4533 | D:5      | Noticed a troll
  4533 | D:5      | Noticed a yak
  4602 | D:5      | Identified 2 scrolls of acquirement
  4602 | D:5      | Acquired the ring "Zeopux" {rF+ Will+ Str+3 Int+2 Dex+2}
  4604 | D:5      | Acquired 950 gold pieces
  4706 | D:5      | Reached XP level 8. HP: 15/64 MP: 7/7
  5154 | D:6      | Found a radiant altar of Vehumet.
  5182 | D:6      | Reached skill level 12 in Axes
  5586 | D:6      | Found a runed translucent door.
  5587 | D:6      | Found a shimmering altar of Xom.
  5587 | D:6      | Noticed Pokonic1's ghost (novice DsBe)
  5587 | D:6      | Noticed a +0 spear of chaos
  5881 | D:6      | Found a staircase to the Ecumenical Temple.
  5890 | Temple   | Entered the Ecumenical Temple
  5923 | Temple   | Became a worshipper of Warmaster Okawaru
  6045 | D:6      | Reached skill level 13 in Axes
  6216 | D:7      | Noticed a hornet
  6223 | D:7      | Killed a hornet
  6223 | D:7      | Reached * piety under Okawaru
  6360 | D:7      | Reached skill level 14 in Axes
  6360 | D:7      | Reached XP level 9. HP: 33/70 MP: 8/8
  6732 | D:7      | Reached ** piety under Okawaru
  6733 | D:7      | Reached skill level 15 in Axes
  6745 | D:7      | Found a shadowy altar of Dithmenos.
  6916 | D:7      | Found a sparkling altar of Nemelex Xobeh.
  7182 | D:8      | Found a stormy altar of Qazlal.
  7432 | D:8      | Reached skill level 16 in Axes
  7621 | D:8      | Found a basalt altar of Yredelemnul.
  8100 | D:9      | Noticed a two-headed ogre
  8120 | D:9      | Reached *** piety under Okawaru
  8121 | D:9      | Reached XP level 10. HP: 67/77 MP: 9/9
  8196 | D:9      | Reached skill level 17 in Axes
  8326 | D:9      | Found a staircase to the Lair.
  8345 | D:9      | Noticed a cyan ugly thing
  8356 | D:9      | Killed a cyan ugly thing
  8503 | D:9      | Found a flagged portal.
  8512 | Bailey   | Entered a bailey
  8856 | Bailey   | Reached skill level 18 in Axes
  9145 | D:9      | Acquired 780 gold pieces
  9192 | D:9      | Reached **** piety under Okawaru
  9422 | D:9      | Found Meenn's Book Shoppe.
  9448 | D:9      | Reached skill level 5 in Fighting
  9448 | D:9      | Reached skill level 5 in Armour
  9610 | D:9      | Killed a two-headed ogre
 10117 | D:10     | Entered Level 10 of the Dungeon
 10126 | D:10     | Reached skill level 1 in Invocations
 10215 | D:10     | Reached XP level 11. HP: 71/91 MP: 11/11
 10317 | D:10     | Identified the +6 dagger of the Forgotten Artisans {drain,
                  | *Corrode Str+6}
 10360 | D:10     | Found Foenwohy's One-of-a-Kind Rings.
 10366 | D:10     | Bought a +7 ring of protection for 1345 gold pieces
 10760 | D:10     | Found Cauryaw's Antique Weapon Shoppe.
 10827 | D:10     | Found an opulent altar of Gozag.
 11063 | D:11     | Noticed a wizard
 11065 | D:11     | Noticed a deep elf zephyrmancer
 11066 | D:11     | Noticed a deep elf zephyrmancer
 11075 | D:11     | Killed a wizard
 11075 | D:11     | Reached ***** piety under Okawaru
 11077 | D:11     | Killed a deep elf zephyrmancer
 11083 | D:11     | Killed from afar by a deep elf zephyrmancer

Illustrated notes

Levels and vault maps discovered:
D:1:      co_arrival_square_in_a_square_in_a_square, layout_basic
D:2:      layout_basic, dreamdust_ecumenical_altar_hidden_monk_grotto,
          minmay_vboxes, uniq_robin, uniq_sigmund, uniq_crazy_yiuf_cottage
D:3:      kb_forest_paths, layout_basic, nicolae_uskayaw_en_pointe,
          mainiacjoe_overflow_alcove_2, cheibriados_altar_1, serial_shops,
          nicolae_shop_tiny_glass, minivault_5, uniq_jessica
D:4:      layout_rooms, nicolae_wu_jian_immortal_techniques,
          minmay_tree_intersection
D:5:      layout_basic, lemuel_coloured_pillars_altar, lightli_temple_of_fire,
          minmay_fountain_box, lightli_corner_chamber
D:6:      layout_basic, vehumet_altar_wand_db, minmay_temple_entry_overgrown,
          ebering_ghost_xom
D:7:      layout_cave_pools, mainiacjoe_overflow_catwalk,
          nemelex_dance_club_becter, skrybe_limestone_x
D:8:      layout_loops_corners, lemuel_tele_altar,
          mainiacjoe_overflow_surrounded_room, nicolae_straight_to_the_point
D:9:      layout_long_grid, lair_entry_dummy, serial_shops, shop,
          enter_bailey_8, serial_bayou_pond_b, nrook_campfire,
          minmay_joined_circles
D:10:     layout_roguey, general_overflow_altar, serial_shops,
          nicolae_shop_real_fake_doors, nicolae_shop_unique_rings
D:11:     layout_stronghold, bh_hangedman_babel_library
Temple:   dpeg_chambers_temple

Skill      XL: |  1  2  3  4  5  6  7  8  9 10 11 |
---------------+----------------------------------+-----
Axes           | 3 4 5 7 9 11 14 16 18 | 18.0
Fighting       | 6 7 |  7.4
Armour         | 6 7 |  7.4
Invocations    | 2 3 |  3.9
Shields        | |  3.6

Action                     |  1- 3 |  4- 6 |  7- 9 | 10-12 || total
---------------------------+-------+-------+-------+-------++-------
  Melee: War axe           |    83 |   139 |   301 |   223 ||   746
         Headbutt          |    11 |    18 |    54 |    46 ||   129
  Throw: Boomerang         |       |     4 |    12 |     2 ||    18
 Invoke: Heroism           |       |       |       |     3 ||     3
    Use: Scroll            |       |     5 |    16 |     4 ||    25
         Potion            |       |       |       |     1 ||     1
 Armour: Scale mail        |    27 |       |       |       ||    27
         Plate armour      |    41 |    71 |   156 |   126 ||   394
  Dodge: Dodged            |    34 |    27 |    67 |    64 ||   192
  Block: Buckler           |    23 |    54 |   139 |   128 ||   344
         Reflection        |       |     2 |     3 |     5 ||    10

Table legend: (Time is in decaauts)
 A = Elapsed time spent in this place.
 B = Non-inter-level travel time spent in this place.
 C = Inter-level travel time spent in this place.
 D = Time resting spent in this place.
 E = Time spent auto-exploring this place.
 F = Levels seen in this place.
 G = Mean time per level.
                   A        B        C        D        E       F      G
               +--------+--------+--------+--------+--------+-----+--------+
         Total |  11039 |  10783 |    256 |    812 |   6981 |  13 |  849.2 |
       Dungeon |  10360 |  10128 |    232 |    607 |   6836 |  11 |  941.8 |
        Temple |     60 |     36 |     24 |      0 |      0 |   1 |   60.0 |
        Bailey |    618 |    618 |      0 |    205 |    145 |   1 |  618.0 |
               +--------+--------+--------+--------+--------+-----+--------+

Top non-repeatable levels by time:
     D:2: 1386 daAuts
     D:5: 1381 daAuts
     D:9: 1365 daAuts
     D:3: 1166 daAuts
     D:8: 987 daAuts
     D:6: 974 daAuts
     D:7: 879 daAuts
    D:10: 817 daAuts
     D:1: 713 daAuts
  Bailey: 618 daAuts
     D:4: 560 daAuts
    D:11: 126 daAuts
  Temple: 60 daAuts
